 Dungeon Crawl Stone Soup version 0.29.1-1-gd02db6906a (webtiles) character file.

Game seed: 15875144298982171646

103 jimonade the Shooter (level 4, -2/25 HPs)
             Began as a Deep Elf Hunter on Sept 17, 2022.
             Slain by a gnoll
             ... wielding a +0 vorpal flail
              (3 damage)
             ... on level 2 of the Dungeon.
             The game lasted 00:03:14 (2003 turns).

jimonade the Shooter (Deep Elf Hunter)              Turns: 2003, Time: 00:03:14

Health: -2/25      AC:  5    Str:  8    XL:     4   Next: 51%
Magic:  0/6        EV: 10    Int: 14    God:
Gold:   120        SH:  0    Dex: 20    Spells: 3/3 levels left

rFire   . . .      SeeInvis .   a - +0 shortbow
rCold   . . .      Faith    .   (shield currently unavailable)
rNeg    . . .      Spirit   +   h - +0 ring mail
rPois   .          Reflect  .   (no helmet)
rElec   .          Harm     .   (no cloak)
rCorr   .          Rampage  .   (no gloves)
Will    .....                   (no boots)
Stlth   +.........              i - amulet of guardian spirit
HPRegen 0.08/turn               (no ring)
MPRegen 0.10/turn               (no ring)

@: no status effects
A: no striking features
a: no special abilities


You were on level 2 of the Dungeon.
You visited 1 branch of the dungeon, and saw 3 of its levels.

You collected 120 gold pieces.

Inventory:

Hand Weapons
 a - a +0 shortbow (weapon)
 d - a +0 sling
 g - a +0 dagger
Armour
 c - a +0 leather armour
 e - a +0 chain mail
 h - a +0 ring mail (worn)
 l - a +0 plate armour
Magical Staves
 q - a staff of earth
Jewellery
 i - an amulet of guardian spirit (around neck)
Wands
 t - a wand of flame (13)
Scrolls
 b - 3 scrolls of immolation
 f - 2 scrolls of enchant weapon {unknown}
 j - 4 scrolls of identify {unknown}
 k - 3 scrolls of butterflies {unknown}
 m - 3 scrolls of teleportation {unknown}
 o - 4 scrolls of enchant armour {unknown}
 p - 2 scrolls of blinking {unknown}
 r - a scroll of brand weapon {unknown}
Potions
 n - 2 potions of curing {unknown}
 s - a potion of berserk rage {unknown}


   Skills:
 - Level 1.5 Fighting
 + Level 7.9 Ranged Weapons
 - Level 2.4 Dodging
 - Level 1.2 Stealth


You had 3 spell levels left.
You didn't know any spells.
Your spell library contained the following spells:

 Spells                   Type           Power      Damage    Failure   Level
 Alistair's Intoxication  Tmut/Pois      0%         N/A       100%        5
 Borgnjor's Vile Clutch   Necr/Erth      0%         N/A       100%        5
 Eringya's Noxious Bog    Tmut/Pois      0%         N/A       100%        6


Dungeon Overview and Level Annotations

Branches:
Dungeon (3/15)

Altars:

Shops:
D:2 (


Message History

The endoplasm attacks as you move away! The endoplasm closely misses you.
You shoot an arrow. The arrow hits the endoplasm!
You kill the endoplasm!
There is a stone staircase leading up here.
You shoot an arrow. The arrow hits the gnoll.
You kill the gnoll!
You shoot an arrow. The arrow closely misses the gnoll.
The arrow hits the gnoll but does no damage.
Magic restored.
The gnoll hits you with a +0 vorpal flail.
You climb upwards.
There is a stone staircase leading down here.
You shoot an arrow. The arrow barely misses the gnoll.
The gnoll hits you with a +0 vorpal flail.
You shoot an arrow.
The arrow hits the gnoll but does no damage.
The gnoll barely misses you. x2
You shoot an arrow. The arrow barely misses the gnoll.
The gnoll barely misses you.
Fire: a) +0 shortbow
Press: ? - help, Q - select action, (/) - cycle Shift-Dir - straight line, f/p - gnoll
Aim: a gnoll, wielding a +0 vorpal flail (69% to hit)
You shoot an arrow. The arrow hits the gnoll.
The gnoll is moderately wounded.
The gnoll hits you with a +0 vorpal flail.
Fire: a) +0 shortbow
Press: ? - help, Q - select action, (/) - cycle Shift-Dir - straight line, f/p - gnoll
Aim: a gnoll, wielding a +0 vorpal flail (moderately wounded, 69% to hit)
You shoot an arrow. The arrow barely misses the gnoll.
The gnoll hits you with a +0 vorpal flail!
* * * LOW HITPOINT WARNING * * *
x2 Fire: a) +0 shortbow
Press: ? - help, Q - select action, (/) - cycle Shift-Dir - straight line, f/p - gnoll
Aim: a gnoll, wielding a +0 vorpal flail (moderately wounded, 69% to hit)
You shoot an arrow. The arrow hits the gnoll.
The gnoll is heavily wounded.
The gnoll hits you with a +0 vorpal flail.
* * * LOW HITPOINT WARNING * * *
x2 The gnoll hits you with a +0 vorpal flail.
You die...

#.#### #..)..........#.#.#
#....######.#.#.##.###..#.#.#
####.##.................#.#.#
#.##.###.#.##.#.###.......
#.##.# #.#.##.#.###..#.##.
#.##.# #.#.##.#.##........
#.##.# #.#.##.#.##.#####..
#.##.###.#.##.#.##.# ##...
#.##.....@g##.#.##.# #....
#.##..#######.#.##.####...
#.##..# #.#.##.##.##..
#.##..# #.#.##........
#.##..#######.#.####...##.
#.##.........)....#..).÷#.
##.##............##.......#
#.#....###########÷...∩.)..
##.###.|...................


You could see a gnoll.

Vanquished Creatures
  An orc wizard (D:3)
  A gnoll (D:3)
  An adder (D:2)
  A worm (D:3)
  A dart slug (D:2)
  3 orcs
  3 bats
  3 endoplasms
  2 giant cockroaches (D:1)
  3 goblins
  3 hobgoblins
  6 jackals
  4 kobolds
  4 quokkas
  3 ball pythons
  2 frilled lizards
  9 rats
50 creatures vanquished.

Notes
Turn   | Place    | Note
-------+----------+-------------------------------------------
     0 | D:1      | jimonade the Deep Elf Hunter began the quest for the Orb.
     0 | D:1      | Reached XP level 1. HP: 12/12 MP: 3/3
   260 | D:1      | Reached skill level 6 in Ranged Weapons
   260 | D:1      | Reached XP level 2. HP: 7/16 MP: 4/4
  1059 | D:2      | Reached XP level 3. HP: 17/20 MP: 5/5
  1185 | D:2      | Found Soutra's Weapon Shoppe.
  1387 | D:2      | Reached skill level 7 in Ranged Weapons
  1751 | D:3      | Reached XP level 4. HP: 25/25 MP: 6/6
  2003 | D:2      | HP: 1/25 [gnoll/+0 vorpal flail (1)]
  2003 | D:2      | Slain by a gnoll

Illustrated notes

Levels and vault maps discovered:
D:1:      minmay_arrival_split_and_join, layout_loops_ring, minmay_hexomino_u4
D:2:      layout_loops_ring, serial_shops, nicolae_shop_bloodbath_and_beyond
D:3:      kb_forest_paths, layout_basic, serial_shops, nicolae_shop_statue_plus

Skill      XL: |  1  2  3 |
---------------+----------+-----
Ranged Weapons | 6 7 |  7.9
Fighting       | |  1.5
Dodging        | |  2.4
Stealth        | |  1.2

Action                   |  1- 3 |  4- 6 || total
-------------------------+-------+-------++-------
 Fire: Shortbow          |    93 |    18 ||   111
Armor: Ring mail         |    12 |       ||    12
Dodge: Dodged            |    19 |     5 ||    24
